 Dungeon Crawl Stone Soup version 0.28.0-43-g3370ac3207 (webtiles) character file.

Game seed: 6780313024601071774

387 sking99 the Magician (level 7, 37/50 HPs)
             Began as a Djinni Fire Elementalist on Mar 14, 2022.
             Quit the game on level 4 of the Dungeon.
             The game lasted 00:06:59 (4272 turns).

sking99 the Magician (Djinni Fire Elementalist)     Turns: 4272, Time: 00:07:00

Health: 37/50      AC:  2    Str:  7    XL:     7   Next: 7%
Gold:   196        EV: 12    Int: 18    God:
                   SH:  0    Dex: 14

rFire   + + .      SeeInvis .   (no weapon)
rCold   x . .      Faith    .   (no shield)
rNeg    . . .      Spirit   .   a - +0 robe
rPois   ∞          Reflect  .   (no helmet)
rElec   .          Harm     .   (no cloak)
rCorr   .          Rampage  .   (no gloves)
Will    .....                   (boots unavailable)
Stlth   ++........              (no amulet)
HPRegen 0.16/turn               (no ring)
MPRegen 0.00/turn               (no ring)

@: flying
A: sickness immunity, fire resistance 2, cold vulnerability 1, float, innate
caster, HP casting, extra vitality 1
a: no special abilities


You were on level 4 of the Dungeon.
You visited 1 branch of the dungeon, and saw 4 of its levels.

You collected 196 gold pieces.

Inventory:

Armour
 a - a +0 robe (worn)
Jewellery
 g - a ring of ice
Scrolls
 b - a scroll of amnesia {unknown}
 c - a scroll of vulnerability {unknown}
 d - a scroll of teleportation {unknown}
 e - a scroll of immolation {unknown}
 f - a scroll of fear {unknown}
 h - a scroll of magic mapping {unknown}
 k - 2 scrolls of noise {unknown}
 l - a scroll of identify {unknown}
Potions
 i - a potion of degeneration {unknown}
 j - a potion of berserk rage {unknown}


   Skills:
 + Level 3.5 Fighting
 - Level 2.1 Dodging
 - Level 1.5 Stealth
 * Level 4.8 Spellcasting


You couldn't memorise any spells.
You knew the following spells:

 Your Spells              Type           Power      Damage    Failure   Level
a - Foxfire               Conj/Fire      88%        2x1d8     1%          1
b - Scorch                Fire           44%        2d7       2%          2
c - Conjure Flame         Conj/Fire      22%        6-21      5%          3
d - Inner Flame           Hex/Fire       22%        N/A       5%          3
e - Flame Wave            Conj/Fire      22%        2d7       19%         4
f - Pain                  Necr           88%        1d8       1%          1
g - Passwall              Tmut/Erth      18%        N/A       2%          2
h - Spider Form           Tmut/Pois      22%        N/A       5%          3
Your spell library was empty.

Dungeon Overview and Level Annotations

Branches:
Dungeon (4/15)
 Temple: D:4-7

Altars:
Nemelex Xobeh

Annotations:
D:4 Duvessa, Menkaure


Innate Abilities, Weirdness & Mutations

You are immune to sickness and miasma.
You are immune to poison.
Your flesh is very heat resistant. (rF++)
You are vulnerable to cold. (rC-)
You float through the air rather than walking.
You learn spells naturally, not from books.
Your magical power is your life essence.
You have superior vitality. (+4 MHP)


Message History

You conjure some foxfire!
The foxfire hits the adder skeleton!
You destroy the adder skeleton!
You hear a shout!
Your foxfire dissipates! x2
Your foxfire dissipates!
You hear a shout!
You hear a shout!
A kobold comes into view. It is wielding a +0 short sword.
The kobold shouts!
You hear an angry hiss.
The kobold throws a stone.
The stone closely misses you.
Casting: Foxfire (safe; 1% risk of failure)
Confirm with . or Enter, or press ? or * to list all spells.
You conjure some foxfire!
An adder comes into view.
A kobold comes into view. It is wielding a +0 short sword.
The adder moves out of view.
Casting: Foxfire (safe; 1% risk of failure)
Confirm with . or Enter, or press ? or * to list all spells.
You conjure some foxfire!
The foxfire hits the kobold.
You kill the kobold!
Casting: Foxfire (safe; 1% risk of failure)
Confirm with . or Enter, or press ? or * to list all spells.
You conjure some foxfire!
You hear a shout!
The foxfire hits the kobold.
You kill the kobold!
Casting: Foxfire (safe; 1% risk of failure)
Confirm with . or Enter, or press ? or * to list all spells.
You conjure some foxfire!
You hear a shout!
The foxfire hits the adder.
The adder is moderately wounded.
Casting: Foxfire (safe; 1% risk of failure)
Confirm with . or Enter, or press ? or * to list all spells.
You conjure some foxfire!
Your foxfire dissipates!
A quokka comes into view.
The foxfire hits the adder!
You kill the adder!
Are you sure you want to abandon this character and quit the game? (Confirm with "yes".)

#.. .. r. )# .v#
###§v# #v.§###..
##@§.§§§..
###v§##...$.
##....##.....
#...##.#..# .
##.......# #.......##
..
##...##..##..........
##(.##...#..........
###..#..†...........


You could see a quokka (ally target).

Vanquished Creatures
  An ogre (D:3)
  A phantom (D:3)
  A scorpion (D:4)
  Dowan (D:4)
  5 adders
  An adder skeleton (D:4)
  2 worms
  4 orcs (D:3)
  7 ball pythons
  5 bats
  4 endoplasms
  3 giant cockroaches
  9 goblins
  5 hobgoblins
  2 jackals (D:1)
  5 kobolds
  3 frilled lizards
  7 rats
66 creatures vanquished.

Vanquished Creatures (collateral kills)
  6 foxfires (D:3)
6 creatures vanquished.

Vanquished Creatures (others)
  201 foxfires
  A plant (D:3)
202 creatures vanquished.

Grand Total: 274 creatures vanquished

Notes
Turn   | Place    | Note
-------+----------+-------------------------------------------
     0 | D:1      | sking99 the Djinni Fire Elementalist began the quest for
                  | the Orb.
     0 | D:1      | Reached XP level 1. HP: 15/15 MP: 0/0
   220 | D:1      | Reached XP level 2. HP: 17/22 MP: 0/0
   751 | D:1      | Reached skill level 1 in Fighting
  1649 | D:2      | Reached XP level 3. HP: 24/27 MP: 0/0
  1649 | D:2      | Learned a level 1 spell: Pain
  1717 | D:2      | Reached skill level 3 in Spellcasting
  2441 | D:3      | Noticed an ogre
  2446 | D:3      | Killed an ogre
  2447 | D:3      | Reached XP level 4. HP: 25/33 MP: 0/0
  2447 | D:3      | Reached XP level 5. HP: 29/38 MP: 0/0
  2447 | D:3      | Learned a level 2 spell: Passwall
  2683 | D:3      | Found a sparkling altar of Nemelex Xobeh.
  2944 | D:3      | Reached skill level 4 in Spellcasting
  3712 | D:4      | Noticed Duvessa
  3712 | D:4      | Noticed Dowan
  3715 | D:4      | Killed Dowan
  3716 | D:4      | Reached XP level 6. HP: 38/46 MP: 0/0
  3904 | D:4      | Noticed Menkaure
  4247 | D:4      | Reached XP level 7. HP: 45/50 MP: 0/0
  4247 | D:4      | Learned a level 3 spell: Spider Form
  4272 | D:4      | Quit the game

Illustrated notes

Levels and vault maps discovered:
D:1:      minmay_arrival_three_doors, layout_basic, minmay_pentomino_x2
D:2:      layout_loops_corners, st_stairs_14, moated_statue
D:3:      layout_loops_ring, nemelex_dance_club_becter, serial_bayou_lagoon_a,
          skrybe_limestone_x, grunt_ministairs_10, kennysheep_generic_room_4
D:4:      layout_cave_pools, serial_shops, shop_fountains,
          cheibrodos_sewer_entry_drain, grunt_ministairs_12, st_stairs_6,
          uniq_menkaure, uniq_duvessa

Skill      XL: |  1  2  3  4  5 |
---------------+----------------+-----
Fighting       | 1 2 3 |  3.5
Spellcasting   | 3 4 |  4.8
Dodging        | |  2.1
Stealth        | |  1.5

Action                   |  1- 3 |  4- 6 |  7- 9 || total
-------------------------+-------+-------+-------++-------
Melee: Unarmed           |     1 |     1 |       ||     2
 Cast: Foxfire           |    52 |    72 |    12 ||   136
       Scorch            |     2 |    11 |       ||    13
Armor: Robe              |       |     5 |     1 ||     6
Dodge: Dodged            |     9 |     7 |     4 ||    20
